PBL
CALGARY FLAMES @ MADISON BREWERS
09/27/2046
 
TOP OF THE 1ST
Calgary Flames batting - Pitching for Madison Brewers : RHP Adam Robinson
Pitching: RHP Adam Robinson
Batting: RHB Alex Collazo 0-0: Called Strike
0-1: Ball
1-1: Called Strike
1-2: Ball
2-2: Strikes out looking
Batting: RHB Yuusei Narita 0-0: Ball
1-0: Ball
2-0: Ball
3-0: Called Strike
3-1: Base on Balls
Batting: RHB Kevin Davis 0-0: Grounds into double play, 5-4-3 (Groundball, 56, EV 85.0 MPH)
Top of the 1st over - 0 runs, 0 hits, 0 errors, 0 left on base; Calgary 0 - Madison 0
BOTTOM OF THE 1ST
Madison Brewers batting - Pitching for Calgary Flames : LHP Bill Hussey
Pitching: LHP Bill Hussey
Batting: RHB Lorenzo Diaz 0-0: Called Strike
0-1: Called Strike
0-2: Ball
1-2: Strikes out swinging
Batting: RHB Malcolm McCauley 0-0: Called Strike
0-1: Foul Ball, location: 2F
0-2: Strikes out swinging
Batting: LHB Greg Reedy 0-0: Called Strike
0-1: Ball
1-1: Ball
2-1: Ball
3-1: Base on Balls
Batting: LHB Steven Donovan 0-0: Ball
1-0: Ball
2-0: SINGLE (Flyball, 9, EV 89.4 MPH)
Greg Reedy to second
Runner from 2nd tries for 3rd, SAFE, throw by RF made to third
Batting: RHB Xiao-shuang Au 0-0: Ball
Steven Donovan steals 2nd base
1-0: Ball
2-0: Called Strike
2-1: Called Strike
2-2: Strikes out swinging
Bottom of the 1st over - 0 runs, 1 hit, 0 errors, 2 left on base; Calgary 0 - Madison 0
TOP OF THE 2ND
Calgary Flames batting - Pitching for Madison Brewers : RHP Adam Robinson
Batting: LHB Dean Luttman 0-0: Foul Ball, location: 2F
0-1: Called Strike
0-2: Fly out, F8 (Line Drive, 8LM, EV 94.4 MPH)
Batting: RHB Victor Contreras 0-0: Ball
1-0: Ball
2-0: Ball
3-0: Called Strike
3-1: Base on Balls
Batting: LHB Justin Daley 0-0: Called Strike
Victor Contreras steals 2nd base
0-1: Foul Ball, location: 2F
0-2: Ball
1-2: Foul Ball, location: 2F
1-2: Foul Ball, location: 2F
1-2: Foul Ball, location: 2F
1-2: Foul Ball, location: 2F
1-2: Ball
2-2: Foul Ball, location: 2F
2-2: Foul Ball, location: 2F
2-2: 2-RUN HOME RUN (Flyball, 9D, EV 103.8 MPH), Distance : 403 ft
Batting: RHB Mike MacLeod 0-0: Called Strike
0-1: Foul Ball, location: 2F
0-2: Fly out, F9 (Flyball, 89S, EV 89.4 MPH)
Batting: RHB Jon Groseclose 0-0: Called Strike
0-1: Swinging Strike
0-2: Strikes out looking
Top of the 2nd over - 2 runs, 1 hit, 0 errors, 0 left on base; Calgary 2 - Madison 0
BOTTOM OF THE 2ND
Madison Brewers batting - Pitching for Calgary Flames : LHP Bill Hussey
Batting: LHB Dusty Bryant 0-0: Foul Ball, location: 2F
0-1: Foul Ball, location: 2F
0-2: Ball
1-2: Foul Ball, location: 2F
1-2: Ball
2-2: SINGLE (Groundball, 13S, EV 65.6 MPH) (infield hit)
Batting: LHB Jesus Huante 0-0: Called Strike
0-1: Swinging Strike
0-2: Foul Ball, location: 2F
0-2: Strikes out swinging
Batting: LHB Tony Hasbun 0-0: Ball
1-0: Ball
2-0: Called Strike
2-1: Ball
3-1: Foul Ball, location: 2F
3-2: Base on Balls
Dusty Bryant to second
Batting: RHB Austin Doig 0-0: Foul Ball, location: 2F
0-1: Swinging Strike
0-2: Ball
1-2: Ball
2-2: Strikes out swinging
Batting: RHB Lorenzo Diaz 0-0: Fly out, F8 (Line Drive, 8LM, EV 109.4 MPH)
Bottom of the 2nd over - 0 runs, 1 hit, 0 errors, 2 left on base; Calgary 2 - Madison 0
TOP OF THE 3RD
Calgary Flames batting - Pitching for Madison Brewers : RHP Adam Robinson
Batting: SHB Erick Hamburger 0-0: Ground out 6-3 (Groundball, 56D, EV 91.9 MPH)
Batting: RHB Alex Collazo 0-0: Ball
1-0: Ball
2-0: Ball
3-0: Base on Balls
Batting: RHB Yuusei Narita 0-0: Called Strike
0-1: Foul Ball, location: 2F
0-2: Ball
1-2: Strikes out swinging
Batting: RHB Kevin Davis 0-0: Foul Ball, location: 2F
0-1: Foul Ball, location: 2F
0-2: Ball
Alex Collazo steals 2nd base
1-2: Ball
2-2: Ground out 5-3 (Groundball, 56S, EV 70.6 MPH)
Top of the 3rd over - 0 runs, 0 hits, 0 errors, 1 left on base; Calgary 2 - Madison 0
BOTTOM OF THE 3RD
Madison Brewers batting - Pitching for Calgary Flames : LHP Bill Hussey
Batting: RHB Malcolm McCauley 0-0: Ball
1-0: Ball
2-0: Fly out, F7 (Flyball, 78M, EV 93.1 MPH)
Batting: LHB Greg Reedy 0-0: Swinging Strike
0-1: Foul Ball, location: 2F
0-2: Ball
1-2: Ball
2-2: Foul Ball, location: 2F
2-2: Ground out 6-3 (Groundball, 6, EV 90.0 MPH)
Batting: LHB Steven Donovan 0-0: Foul Ball, location: 2F
0-1: Swinging Strike
0-2: Strikes out looking
Bottom of the 3rd over - 0 runs, 0 hits, 0 errors, 0 left on base; Calgary 2 - Madison 0
TOP OF THE 4TH
Calgary Flames batting - Pitching for Madison Brewers : RHP Adam Robinson
Batting: LHB Dean Luttman 0-0: Called Strike
0-1: Foul Ball, location: 2F
0-2: DOUBLE (Line Drive, 8RXD, EV 113.8 MPH)
Batting: RHB Victor Contreras 0-0: Swinging Strike
0-1: Foul Ball, location: 2F
0-2: Strikes out swinging
Batting: LHB Justin Daley 0-0: Ball
1-0: Ball
2-0: Ball
3-0: Base on Balls
Batting: RHB Mike MacLeod 0-0: Ball
1-0: Ball
2-0: Ball
3-0: Called Strike
3-1: Base on Balls
Dean Luttman to third
Justin Daley to second
Batting: RHB Jon Groseclose 0-0: Ball
1-0: Ball
2-0: Ball
3-0: Called Strike
3-1: Foul Ball, location: 2F
3-2: Base on Balls
Dean Luttman scores
Justin Daley to third
Mike MacLeod to second
Batting: SHB Erick Hamburger 0-0: Ball
1-0: Called Strike
1-1: Ball
2-1: Foul Ball, location: 2F
2-2: TRIPLE (Flyball, 89XD, EV 107.5 MPH)
Justin Daley scores
Mike MacLeod scores
Jon Groseclose scores
Batting: RHB Alex Collazo 0-0: Ball
1-0: Ball
2-0: Ball
3-0: Called Strike
3-1: Base on Balls
Pitching: RHP Troy Morin
Batting: RHB Yuusei Narita 0-0: Ball
1-0: Foul Ball, location: 2F
1-1: Foul Ball, location: 2F
1-2: Strikes out looking
Batting: RHB Kevin Davis 0-0: Ball
1-0: Fly out, F6 (Flyball, 56D, EV 88.1 MPH)
Top of the 4th over - 4 runs, 2 hits, 0 errors, 2 left on base; Calgary 6 - Madison 0
BOTTOM OF THE 4TH
Madison Brewers batting - Pitching for Calgary Flames : LHP Bill Hussey
Batting: RHB Xiao-shuang Au 0-0: Called Strike
0-1: Foul Ball, location: 2F
0-2: Ball
1-2: Ball
2-2: Strikes out swinging
Batting: LHB Dusty Bryant 0-0: Ball
1-0: Ball
2-0: Ball
3-0: Called Strike
3-1: Foul Ball, location: 2F
3-2: Foul Ball, location: 2F
3-2: SINGLE (Line Drive, 7S, EV 96.9 MPH)
Batting: LHB Jesus Huante 0-0: Called Strike
0-1: Ball
1-1: Foul Ball, location: 2F
1-2: Ball
2-2: Ball
3-2: Foul Ball, location: 2F
3-2: Strikes out swinging
Dusty Bryant steals 2nd base
Batter strikes out.
Batting: LHB Tony Hasbun 0-0: Ball
1-0: Foul Ball, location: 2F
1-1: SINGLE (Line Drive, 8LS, EV 97.5 MPH)
Dusty Bryant to third
Runner from 3rd tries for Home, throw by CF and OUT! 8-2
Bottom of the 4th over - 0 runs, 2 hits, 0 errors, 1 left on base; Calgary 6 - Madison 0
TOP OF THE 5TH
Calgary Flames batting - Pitching for Madison Brewers : RHP Troy Morin
Batting: LHB Dean Luttman 0-0: Hit by Pitch
Batting: RHB Victor Contreras 0-0: Fielders Choice at 2nd, 4-6 (Groundball, 34, EV 83.8 MPH)
Batting: LHB Justin Daley 0-0: Ball
1-0: Ball
2-0: Fly out, F8 (Flyball, 8RM, EV 90.6 MPH)
Batting: RHB Mike MacLeod 0-0: Ball
1-0: Fly out, F4 (Popup, 4, EV 68.8 MPH)
Top of the 5th over - 0 runs, 0 hits, 0 errors, 1 left on base; Calgary 6 - Madison 0
BOTTOM OF THE 5TH
Madison Brewers batting - Pitching for Calgary Flames : LHP Bill Hussey
Batting: RHB Austin Doig 0-0: Ball
1-0: Ball
2-0: Fly out, F7 (Flyball, 7, EV 98.1 MPH)
Batting: RHB Lorenzo Diaz 0-0: Ball
1-0: Ball
2-0: Ball
3-0: Base on Balls
Pitching: LHP Ricardo de la Torre
Batting: RHB Malcolm McCauley 0-0: Ball
1-0: Called Strike
1-1: Ball
2-1: Ball
3-1: Foul Ball, location: 2F
3-2: SINGLE (Groundball, P, EV 80.6 MPH) (infield hit)
Lorenzo Diaz to second
Batting: LHB Greg Reedy 0-0: Called Strike
0-1: Ball
1-1: Foul Ball, location: 2F
1-2: Foul Ball, location: 2F
1-2: Ball
2-2: Ball
3-2: Base on Balls
Lorenzo Diaz to third
Malcolm McCauley to second
Batting: LHB Steven Donovan 0-0: Ball
1-0: Foul Ball, location: 2F
1-1: GRAND SLAM HOME RUN (Flyball, 7LD, EV 93.1 MPH), Distance : 346 ft
Batting: RHB Xiao-shuang Au 0-0: Called Strike
0-1: Called Strike
0-2: Ball
1-2: Ball
2-2: Foul Ball, location: 2F
2-2: Foul Ball, location: 2F
2-2: Ball
3-2: Strikes out swinging
Batting: LHB Dusty Bryant 0-0: Ball
1-0: Foul Ball, location: 2F
1-1: Ground out U3 (Groundball, 34, EV 88.8 MPH)
Bottom of the 5th over - 4 runs, 2 hits, 0 errors, 0 left on base; Calgary 6 - Madison 4
TOP OF THE 6TH
Calgary Flames batting - Pitching for Madison Brewers : RHP Troy Morin
Batting: RHB Jon Groseclose 0-0: Fly out, F9 (Flyball, 9, EV 89.4 MPH)
Batting: SHB Erick Hamburger 0-0: Called Strike
0-1: Foul Ball, location: 2F
0-2: Ball
1-2: Foul Ball, location: 2F
1-2: Ball
2-2: Fly out, F9 (Flyball, 9, EV 81.9 MPH)
Batting: RHB Alex Collazo 0-0: SINGLE (Line Drive, 9LS, EV 100.0 MPH)
Batting: RHB Yuusei Narita 0-0: Ball
Alex Collazo steals 2nd base
1-0: Called Strike
1-1: Foul Ball, location: 2F
1-2: Ground out 6-3 (Groundball, 6S, EV 89.4 MPH)
Top of the 6th over - 0 runs, 1 hit, 0 errors, 1 left on base; Calgary 6 - Madison 4
BOTTOM OF THE 6TH
Madison Brewers batting - Pitching for Calgary Flames : LHP Ricardo de la Torre
Pitching: LHP Trevor Lewis
Pinch Hitting: RHB Wiliama Dana 0-0: Ground out 6-3 (Groundball, 6, EV 80.6 MPH)
Pinch Hitting: RHB Tony Beaumond 0-0: Called Strike
0-1: Swinging Strike
0-2: Ball
1-2: Ball
2-2: Ball
3-2: Base on Balls
Batting: RHB Mohammed bin Ubaida 0-0: Grounds into double play, 5-4-3 (Groundball, 56, EV 104.4 MPH)
Bottom of the 6th over - 0 runs, 0 hits, 0 errors, 0 left on base; Calgary 6 - Madison 4
TOP OF THE 7TH
Calgary Flames batting - Pitching for Madison Brewers : RHP Troy Morin
Now at 1B: Eli Valles
Now at 2B: Wiliama Dana
Now at SS: Lorenzo Diaz
Batting: RHB Kevin Davis 0-0: Ground out 6-3 (Groundball, 6, EV 84.4 MPH)
Batting: LHB Dean Luttman 0-0: Swinging Strike
0-1: Ball
1-1: Ball
2-1: Swinging Strike
2-2: Fly out, F9 (Flyball, 89M, EV 88.1 MPH)
Batting: RHB Victor Contreras 0-0: Ground out 3-1 (Groundball, 34S, EV 85.0 MPH)
Top of the 7th over - 0 runs, 0 hits, 0 errors, 0 left on base; Calgary 6 - Madison 4
BOTTOM OF THE 7TH
Madison Brewers batting - Pitching for Calgary Flames : LHP Trevor Lewis
Batting: RHB Lorenzo Diaz 0-0: Called Strike
0-1: Fly out, F8 (Flyball, 89M, EV 87.5 MPH)
Batting: RHB Malcolm McCauley 0-0: Called Strike
0-1: Hit by Pitch
Batting: LHB Greg Reedy 0-0: Ball
1-0: Swinging Strike
1-1: 2-RUN HOME RUN (Flyball, 9LD, EV 96.9 MPH), Distance : 350 ft
Batting: LHB Steven Donovan 0-0: Ball
1-0: Called Strike
1-1: Foul Ball, location: 2F
1-2: Ball
2-2: Foul Ball, location: 2F
2-2: Foul Ball, location: 2F
2-2: Foul Ball, location: 2F
2-2: Ball
3-2: SINGLE (Line Drive, 9LM, EV 93.1 MPH)
Batting: RHB Xiao-shuang Au 0-0: Ball
Steven Donovan steals 2nd, throwing error, E2
Steven Donovan to third
1-0: Called Strike
1-1: Ball
2-1: Foul Ball, location: 2F
2-2: Strikes out swinging
Batting: LHB Dusty Bryant 0-0: Called Strike
0-1: Fly out, F8 (Flyball, 8RS, EV 75.0 MPH)
Bottom of the 7th over - 2 runs, 2 hits, 1 error, 1 left on base; Calgary 6 - Madison 6
TOP OF THE 8TH
Calgary Flames batting - Pitching for Madison Brewers : RHP Troy Morin
Batting: LHB Justin Daley 0-0: Foul Ball, location: 2F
0-1: Fly out, F8 (Flyball, 8RD, EV 85.6 MPH)
Batting: RHB Mike MacLeod 0-0: Ball
1-0: Swinging Strike
1-1: Ball
2-1: Ball
3-1: Base on Balls
Batting: RHB Jon Groseclose 0-0: Ball
1-0: 2-RUN HOME RUN (Flyball, 9LD, EV 93.8 MPH), Distance : 346 ft
Batting: SHB Erick Hamburger 0-0: SOLO HOME RUN (Flyball, 9D, EV 97.5 MPH), Distance : 395 ft
Batting: RHB Alex Collazo 0-0: Ball
1-0: Called Strike
1-1: Ball
2-1: Ball
3-1: Base on Balls
Batting: RHB Yuusei Narita 0-0: SINGLE (Groundball, 56D, EV 104.4 MPH)
Alex Collazo to second
Alex Collazo to third
Batting: RHB Kevin Davis 0-0: Ball
1-0: Called Strike
1-1: Foul Ball, location: 2F
1-2: Foul Ball, location: 2F
1-2: DOUBLE (Groundball, 5L, EV 110.0 MPH)
Alex Collazo scores
Yuusei Narita to third
Runner from 3rd tries for Home, SAFE, throw by LF to home
Batting: LHB Dean Luttman 0-0: Called Strike
0-1: Ball
1-1: Foul Ball, location: 2F
1-2: Ball
2-2: Ball
3-2: 2-RUN HOME RUN (Flyball, 8RXD, EV 110.0 MPH), Distance : 440 ft
Pinch Hitting: RHB Antonio Martinez 0-0: Hit by Pitch
Batting: LHB Justin Daley 0-0: SINGLE (Groundball, 4D, EV 96.9 MPH)
Antonio Martinez to second
Runner from 2nd tries for 3rd, SAFE, throw by CF made to third
Pitching: RHP Yang-cheng Kui
Batting: RHB Mike MacLeod 0-0: Called Strike
0-1: Swinging Strike
0-2: Ball
1-2: Ball
2-2: Foul Ball, location: 2F
2-2: Ball
3-2: Base on Balls
Justin Daley to second
Batting: RHB Jon Groseclose 0-0: Foul Ball, location: 2F
0-1: Called Strike
0-2: Ball
1-2: Strikes out looking
Batting: SHB Erick Hamburger 0-0: Ball
Balk!
Antonio Martinez scores
Justin Daley to third
Mike MacLeod to second
1-0: Called Strike
1-1: Ground out 6-3 (Groundball, 6M, EV 91.2 MPH)
Top of the 8th over - 8 runs, 6 hits, 0 errors, 2 left on base; Calgary 14 - Madison 6
BOTTOM OF THE 8TH
Madison Brewers batting - Pitching for Calgary Flames : LHP Trevor Lewis
Now in LF: Antonio Martinez
Batting: RHB Wiliama Dana 0-0: Ball
1-0: Called Strike
1-1: Called Strike
1-2: Ball
2-2: SINGLE (Groundball, 4M, EV 108.8 MPH) (infield hit)
Pitching: LHP Manny Santiago
Batting: RHB Eli Valles 0-0: Ball
1-0: Called Strike
1-1: SINGLE (Flyball, 78S, EV 86.9 MPH)
Wiliama Dana to second
Batting: RHB Mohammed bin Ubaida 0-0: Ball
1-0: Called Strike
1-1: Foul Ball, location: 2F
1-2: Foul Ball, location: 2F
1-2: Foul Ball, location: 2F
1-2: Foul Ball, location: 2F
1-2: Fielders Choice at 2nd, 4-6 (Groundball, 4, EV 81.2 MPH)
Wiliama Dana to third
Batting: RHB Lorenzo Diaz 0-0: Ball
1-0: Ball
2-0: Ball
3-0: Called Strike
3-1: Base on Balls
Mohammed bin Ubaida to second
Batting: RHB Malcolm McCauley 0-0: Ball
1-0: Swinging Strike
1-1: Swinging Strike
1-2: Foul Ball, location: 2F
1-2: Ball
2-2: Strikes out looking
Batting: LHB Greg Reedy 0-0: Ball
1-0: Fielders Choice at 2nd, 5-4 (Groundball, 5, EV 89.4 MPH)
Bottom of the 8th over - 0 runs, 2 hits, 0 errors, 3 left on base; Calgary 14 - Madison 6
TOP OF THE 9TH
Calgary Flames batting - Pitching for Madison Brewers : RHP Yang-cheng Kui
Batting: RHB Alex Collazo 0-0: Ball
1-0: Ball
2-0: Ball
3-0: Called Strike
3-1: SINGLE (Flyball, 8RS, EV 96.2 MPH)
Batting: RHB Yuusei Narita 0-0: Fly out, F9 (Flyball, 9, EV 88.8 MPH)
Pinch Hitting: RHB Ricardo Ortiz 0-0: Ball
1-0: Ball
2-0: Ball
3-0: Base on Balls
Alex Collazo to second
Batting: LHB Dean Luttman 0-0: Ball
Wild Pitch!
Alex Collazo to third
Ricardo Ortiz to second
1-0: Ball
2-0: Called Strike
2-1: Ground out 6-3 (Groundball, 4M, EV 76.2 MPH)
Alex Collazo scores
Ricardo Ortiz to third
Batting: RHB Antonio Martinez 0-0: Called Strike
0-1: Foul Ball, location: 2F
0-2: Strikes out swinging
Top of the 9th over - 1 run, 1 hit, 0 errors, 1 left on base; Calgary 15 - Madison 6
BOTTOM OF THE 9TH
Madison Brewers batting - Pitching for Calgary Flames : LHP Manny Santiago
Now at 1B: Ricardo Ortiz
Batting: LHB Steven Donovan 0-0: Foul Ball, location: 2F
0-1: Ground out 6-3 (Groundball, 6, EV 84.4 MPH)
Batting: RHB Xiao-shuang Au 0-0: Foul Ball, location: 2F
0-1: Foul Ball, location: 2F
0-2: Strikes out swinging
Batting: LHB Dusty Bryant 0-0: Ball
1-0: Called Strike
1-1: Called Strike
1-2: Ball
2-2: Ball
3-2: Strikes out swinging
Bottom of the 9th over - 0 runs, 0 hits, 0 errors, 0 left on base; Calgary 15 - Madison 6
Tuesday, September 13th , 2022 - OOTP Baseball 23.7 Build 88